 Dungeon Crawl Stone Soup version 0.27.1-33-g824d729ab1 (webtiles) character file.

Game seed: 14085252681653065000

33 cluwnehenks the Cudgeller (level 3, 0/23 HPs)
             Began as a Gargoyle Berserker on Nov 28, 2021.
             Was a Believer of Trog.
             Killed from afar by Sigmund (10 damage)
             ... with a puff of flame
             ... on level 2 of the Dungeon.
             The game lasted 00:15:12 (2035 turns).

cluwnehenks the Cudgeller (Gargoyle Berserker)      Turns: 2035, Time: 00:15:13

Health: 0/23       AC:  5    Str: 20    XL:     3   Next: 29%
Magic:  3/3        EV: 11    Int:  7    God:    Trog [**....]
Gold:   5          SH:  0    Dex: 10    Spells: 2/2 levels left

rFire    . . .     SeeInvis .   a - +0 mace
rCold    . . .     Faith    .   (no shield)
rNeg     + . .     Spirit   .   b - +0 animal skin
rPois    ∞         Reflect  .   (no helmet)
rElec    +         Harm     .   (no cloak)
rCorr    .         Rampage  .   (no gloves)
Will     .....                  (no boots)
Stlth    +.........             (no amulet)
HPRegen  0.07/turn              (no ring)
MPRegen  0.08/turn              (no ring)

@: confused
A: sickness immunity, AC +3, negative energy resistance 1, electricity
resistance, torment resistance 1, petrification resistance
a: Renounce Religion, Berserk, Trog's Hand


You were on level 2 of the Dungeon.
You worshipped Trog.
Trog was pleased with you.
You visited 1 branch of the dungeon, and saw 2 of its levels.

You collected 5 gold pieces.

Inventory:

Hand Weapons
 a - a +0 mace (weapon)
Armour
 b - a +0 animal skin (worn)
Jewellery
 c - an amulet of regeneration


   Skills:
 - Level 3.2 Fighting
 * Level 4.3 Maces & Flails
 - Level 2.1 Armour
 - Level 1.5 Dodging


You had 2 spell levels left.
You didn't know any spells.
Your spell library was empty.

Dungeon Overview and Level Annotations

Branches:
Dungeon (2/15)

Altars:

Annotations:
D:2 Sigmund


Innate Abilities, Weirdness & Mutations

You are immune to sickness and miasma.
Your stone body is resilient. (AC +3)
You are immune to poison.
You resist negative energy. (rN+)
You are resistant to electric shocks. (rElec)
You are resistant to unholy torment.
You are immune to petrification.


Message History

Trog accepts your kill.
No target in view!
No target in view!
No target in view!
No target in view!
You see here a rat corpse.
Found 20 sling bullets.
Found 25 bolts.
Found 19 arrows.
An endoplasm comes into view.
The endoplasm quivers.
You sock the endoplasm!
You kill the endoplasm!
Trog accepts your kill.
No target in view!
No target in view!
No target in view!
No target in view!
Sigmund the Dreaded comes into view.
He is wielding a +4 scythe of venom.
Sigmund shouts!
Sigmund mumbles some strange words.
Sigmund flickers and vanishes!
Deactivating autopickup; reactivate with Ctrl-A.
You aren't carrying any scrolls.
You aren't carrying any potions.
Okay, then.
You aren't carrying any scrolls.
A magic dart appears from out of thin air!
The magic dart hits you.
You are confused.
Unknown command.
You are too confused!
You are too confused!
You aren't carrying any potions.
Okay, then.
A puff of flame appears from out of thin air!
The puff of flame hits you!
A puff of flame appears from out of thin air!
The puff of flame hits you!
You die...

..........# #...#....#.#........
......###.####.(.#.#.............
........#........................
.#....#.#........#.#.............
........#...#.#..#.#.............
........##...............##......
.............#............#......
........(.....(..................
................@....{...###.####
.......#...##............# .
.......# .......#......###
.......# ..####.#......# ########
. .......### # ........#
..........# #. ......#.... ####..
......#.....


There were no monsters in sight!

Vanquished Creatures
  4 dart slugs (D:1)
  2 endoplasms
  A hobgoblin (D:1)
  2 quokkas (D:1)
  6 ball pythons
  A bat (D:2)
  2 frilled lizards (D:1)
  6 kobolds
  3 rats
27 creatures vanquished.

Vanquished Creatures (others)
  3 plants (D:1)
3 creatures vanquished.

Grand Total: 30 creatures vanquished

Notes
Turn   | Place    | Note
-------+----------+-------------------------------------------
     0 | D:1      | cluwnehenks the Gargoyle Berserker began the quest for the
                  | Orb.
     0 | D:1      | Reached XP level 1. HP: 14/14 MP: 1/1
   234 | D:1      | Found a faded altar of an unknown god.
   338 | D:1      | Reached XP level 2. HP: 13/19 MP: 2/2
  1136 | D:1      | Reached skill level 4 in Maces & Flails
  1241 | D:1      | Reached XP level 3. HP: 23/23 MP: 3/3
  1886 | D:2      | Reached ** piety under Trog
  2012 | D:2      | Noticed Sigmund
  2035 | D:2      | Killed from afar by Sigmund

Illustrated notes

Levels and vault maps discovered:
D:1:      saegor_arrival_under_anarchy, layout_basic,
          shapermc_ecumenical_altar_mp_ritualfount
D:2:      layout_basic, minmay_quantized, uniq_sigmund

Skill      XL: |  1  2 |
---------------+-------+-----
Maces & Flails | 4 |  4.3
Fighting       | |  3.2
Armour         | |  2.1
Dodging        | |  1.5

Action                   || total
-------------------------++-------
Melee: Mace              ||    64
  Use: Scroll            ||     1
Armor: Animal skin       ||    21
Dodge: Dodged            ||    42
